 Dungeon Crawl Stone Soup version 0.30-a0-1161-g0704695555 (webtiles) character file.

Game seed: 16995728945206924516

211 Dittersdorf the Shield-Bearer (level 5, -3/34 HPs)
             Began as a Gargoyle Fighter on Apr 27, 2023.
             Slain by a gnoll
             ... wielding a +0 spear
             ... led by a gnoll bouda
              (6 damage)
             ... on level 3 of the Dungeon.
             The game lasted 00:02:40 (1610 turns).

Dittersdorf the Shield-Bearer (Gargoyle Fighter)    Turns: 1610, Time: 00:02:40

Health: -3/34      AC: 13    Str: 28    XL:     5   Next: 88%
Magic:  5/5        EV: 14    Int:  8    God:
Gold:   162        SH:  4    Dex:  9    Spells: 4/4 levels left

rFire   . . .        a - +0 flail
rCold   . . .        c - +0 buckler
rNeg    + . .        b - +0 scale mail
rPois   ∞            (no helmet)
rElec   +            (no cloak)
rCorr   .            q - +0 pair of gloves
SInv    .            g - +0 pair of boots
Will    .....        k - amulet of faith Stlth
                     h - +6 ring of strength
HPRegen 0.25/turn    i - +5 ring of evasion
MPRegen 0.09/turn

%: faith
@: weakened
A: sickness immunity, AC +4, negative energy resistance 1, electricity
resistance, torment resistance 1, petrification resistance
a: no special abilities


You were on level 3 of the Dungeon.
You visited 1 branch of the dungeon, and saw 3 of its levels.

You collected 162 gold pieces.

Inventory:

Hand Weapons
 a - a +0 flail (weapon)
Armour
 b - a +0 scale mail (worn)
 c - a +0 buckler (worn)
 g - a +0 pair of boots (worn)
 q - a +0 pair of gloves (worn)
Jewellery
 h - a +6 ring of strength (left hand)
 i - a +5 ring of evasion (right hand)
 k - an amulet of faith (around neck)
Scrolls
 f - 2 scrolls of identify {unknown}
 l - 2 scrolls of immolation {unknown}
 m - 3 scrolls of teleportation {unknown}
 o - a scroll of silence {unknown}
 r - a scroll of noise {unknown}
 s - a scroll of torment {unknown}
 u - a scroll of vulnerability {unknown}
Potions
 d - a potion of might
 e - 4 potions of curing {unknown}
 j - a potion of invisibility {unknown}
 n - a potion of magic {unknown}
 p - a potion of lignification {unknown}
 t - a potion of mutation {unknown}


   Skills:
 + Level 4.3 Fighting
 + Level 1.3 Short Blades
 + Level 3.2 Maces & Flails
 + Level 4.3 Armour
 + Level 4.4 Shields


You had 4 spell levels left.
You didn't know any spells.
Your spell library was empty.

Dungeon Overview and Level Annotations

Branches:
Dungeon (3/15)

Altars:

Shops:
D:1 [


Innate Abilities, Weirdness & Mutations

You are immune to sickness and miasma.
Your stone body is resilient. (AC +4)
You are immune to poison.
You resist negative energy. (rN+)
You are resistant to electric shocks. (rElec)
You are resistant to unholy torment.
You are immune to petrification.


Message History

You kill the gnoll!
You block the gnoll bouda's attack. The gnoll misses you.
The gnoll closely misses you.
The gnoll hits you but does no damage. x2
You hit the gnoll bouda.
The gnoll bouda is moderately wounded.
The gnoll bouda completely misses you. You block the gnoll's attack.
The gnoll hits you but does no damage. The gnoll misses you.
The gnoll hits you with a +0 whip.
You barely miss the gnoll bouda.
The gnoll bouda is moderately wounded.
The gnoll bouda gazes fiercely through you!
You feel your attacks grow feeble.
The gnoll bouda hits you with a +0 whip.
The gnoll hits you but does no damage. x2; The gnoll hits you with a +0 whip.
The gnoll hits you with a +0 club.
You are too injured to fight recklessly!
You are too injured to fight recklessly!
You are too injured to fight recklessly!
You are too injured to fight recklessly!
You are too injured to fight recklessly!
You are too injured to fight recklessly!
You are too injured to fight recklessly!
You are too injured to fight recklessly!
You are too injured to fight recklessly!
You are too injured to fight recklessly!
You are too injured to fight recklessly!
You are too injured to fight recklessly!
You are too injured to fight recklessly!
You are too injured to fight recklessly!
The gnoll attacks as you move away! The gnoll hits you with a +0 whip!
* * * LOW HITPOINT WARNING * * *
The gnoll bouda hits you with a +0 whip.
* * * LOW HITPOINT WARNING * * *
The gnoll misses you. You block the gnoll's attack.
The gnoll completely misses you. The gnoll misses you.
You see here a throwing net.
The gnoll attacks as you move away! The gnoll closely misses you. x2
The gnoll hits you from afar with a +0 spear.
You die...

#..... #. .. ##.....
#'##'#####......
...............#
#.....####.>.... ##########
..#....##.......
.........###.....#.##..#....
.......)..g...##.#÷.)..#.#..
........ggg@................
........g##.####..<.........
.........#..# #...#.........
##########.## #..##.........
#......# #......#......
#.....#####...####......
#|......................
#....<####...######.....
#.....###...# #......


You could see a gnoll bouda and 4 gnolls.

Vanquished Creatures
  A hound (D:3)
  An iguana (D:3)
  An orc wizard (D:3)
  4 gnolls (D:3)
  2 adders (D:3)
  A worm (D:2)
  4 dart slugs
  4 orcs (D:3)
  7 bats
  5 endoplasms
  4 giant cockroaches
  2 goblins
  4 hobgoblins
  5 jackals
  6 kobolds
  3 quokkas
  2 ball pythons
  2 frilled lizards (D:1)
  3 rats
61 creatures vanquished.

Notes
Turn   | Place    | Note
-------+----------+-------------------------------------------
     0 | D:1      | Dittersdorf the Gargoyle Fighter began the quest for the
                  | Orb.
     0 | D:1      | Reached XP level 1. HP: 14/14 MP: 1/1
   104 | D:1      | Reached XP level 2. HP: 19/19 MP: 2/2
   212 | D:1      | Found Yzasmiry's Armour Boutique.
   306 | D:1      | Reached XP level 3. HP: 23/23 MP: 3/3
   370 | D:1      | You fall into a shaft and drop 1 floor!
  1282 | D:3      | Found the +8 Vampire's Tooth {megavamp}
  1289 | D:3      | Reached XP level 4. HP: 29/29 MP: 4/4
  1359 | D:3      | Reached XP level 5. HP: 27/33 MP: 5/5
  1402 | D:3      | Reached skill level 1 in Short Blades
  1610 | D:3      | Slain by a gnoll

Illustrated notes

Levels and vault maps discovered:
D:1:      saegor_arrival_miasma, layout_loops_cross, serial_shops, shop,
          due_unseen_surprise
D:2:      layout_rooms
D:3:      layout_rooms, mainiacjoe_overflow_24_doors

Skill      XL: |  1  2  3  4  5 |
---------------+----------------+-----
Shields        | 4 |  4.4
Fighting       | 4 |  4.3
Armour         | 4 |  4.3
Short Blades   | 1 |  1.3
Maces & Flails | 3 |  3.2

Action                     |  1- 3 |  4- 6 || total
---------------------------+-------+-------++-------
  Melee: Flail             |    95 |    95 ||   190
 Armour: Scale mail        |    49 |    46 ||    95
  Dodge: Dodged            |    60 |    91 ||   151
  Block: Buckler           |     8 |    23 ||    31

Table legend: (Time is in decaauts)
 A = Elapsed time spent in this place.
 B = Non-inter-level travel time spent in this place.
 C = Inter-level travel time spent in this place.
 D = Time resting spent in this place.
 E = Time spent auto-exploring this place.
 F = Levels seen in this place.
 G = Mean time per level.
                   A        B        C        D        E       F      G
               +--------+--------+--------+--------+--------+-----+--------+
         Total |   1666 |   1522 |    144 |      0 |   1046 |   3 |  555.3 |
       Dungeon |   1666 |   1522 |    144 |      0 |   1046 |   3 |  555.3 |
               +--------+--------+--------+--------+--------+-----+--------+

Top non-repeatable levels by time:
     D:1: 809 daAuts
     D:2: 502 daAuts
     D:3: 354 daAuts
